 Dungeon Crawl Stone Soup version 0.31-a0-152-g6aa68a64a1 (webtiles) character file.

Game seed: 12211922856641548951

280 qw the Chopper (level 6, -1/38 HPs)
             Began as a Gargoyle Fighter on June 10, 2023.
             Slain by a gnoll
             ... wielding a +0 club
             ... led by a gnoll bouda
              (6 damage)
             ... on level 4 of the Dungeon.
             The game lasted 00:01:18 (2547 turns).

qw the Chopper (Gargoyle Fighter)                   Turns: 2547, Time: 00:01:19

Health: -1/38      AC: 15    Str: 21    XL:     6   Next: 27%
Magic:  6/6        EV:  7    Int:  9    God:
Gold:   135        SH:  8    Dex:  9    Spells: 5/5 levels left

rFire   . . .        Y - +3 war axe
rCold   . . .        c - +0 buckler
rNeg    + . .        e - +0 chain mail
rPois   inf          (helmet restricted)
rElec   +            (no cloak)
rCorr   .            (no gloves)
SInv    .            (no boots)
Will    .....        j - amulet of the acrobat Stlth
                     (no ring)
HPRegen 0.26/turn    (no ring)
MPRegen 0.10/turn

%: random rage (3%), acrobat
@: about to teleport, flying
A: sickness immunity, AC +4, negative energy resistance 1, electricity
resistance, torment resistance 1, petrification resistance, antennae 1, big
wings, iridescent scales 1, large bone plates 1, berserk 1, no potion heal 1
a: no special abilities


You were on level 4 of the Dungeon.
You visited 1 branch of the dungeon, and saw 4 of its levels.

You collected 135 gold pieces.


Innate Abilities, Weirdness & Mutations

You are immune to sickness and miasma.
Your stone body is resilient. (AC +4)
You are immune to poison.
You resist negative energy. (rN+)
You are resistant to electric shocks. (rElec)
You are resistant to unholy torment.
You are immune to petrification.
You have a pair of small antennae on your head.
Your large and strong wings let you fly.
You are partially covered in iridescent scales. (AC +2)
You are partially covered in large bone plates. (SH +4)
You sometimes lose your temper in combat.
Potions are less effective at restoring your health.


   Skills:
 - Level 4.0 Fighting
 + Level 5.5 Axes
 - Level 3.2 Armour
 - Level 3.2 Shields


You had 5 spell levels left.
You didn't know any spells.
Your spell library was empty.

Inventory:

Hand Weapons
 n - a +0 flail
 Y - a +3 war axe (weapon)
Missiles
 o - 2 boomerangs
Armour
 c - a +0 buckler (worn)
 e - a +0 chain mail (worn)
Jewellery
 j - an amulet of the acrobat (around neck)
 p - a ring of ice
Scrolls
 a - 2 scrolls of identify
 b - a scroll of magic mapping {unknown}
Potions
 d - a potion of might
 h - a potion of heal wounds
 k - a potion of curing
 l - a potion of haste

Dungeon Overview and Level Annotations

Branches:
Dungeon (4/15)
 Temple: D:4-7

Altars:
Sif Muna


Message History

The kobold throws a stone.
The stone hits you but does no damage.
The kobold throws a stone.
You block the stone.
A gnoll comes into view. It is wielding a +0 club.
A gnoll bouda comes into view. It is wielding a +0 whip.
The gnoll bouda shouts!
The gnoll hits you from afar with a +0 halberd.
The gnoll completely misses you.
The gnoll bouda barks out a call to the hunt!
The gnolls pick up the pace!
You slash the gnoll!
The gnoll is heavily wounded.
The gnoll hits you from afar with a +0 halberd.
You block the gnoll's attack. The gnoll hits you but does no damage.
The gnoll hits you from afar with a +0 halberd.
The gnoll hits you with a +0 spear. The gnoll hits you but does no damage.
You barely miss the gnoll.
The gnoll is heavily wounded.
The gnoll barely misses you. The gnoll hits you with a +0 spear.
The gnoll closely misses you.
You slash the gnoll!
You kill the gnoll!
The gnoll hits you from afar with a +0 halberd.
You block the gnoll's attack. x2
You hit the gnoll but do no damage. You hit the kobold.
The kobold hits you but does no damage. You block the gnoll's attack. x2
The gnoll hits you with a +0 club. The kobold hits you but does no damage.
You block the gnoll's attack.
You barely miss the kobold.
The kobold is severely wounded.
You slash the gnoll! The gnoll hits you but does no damage.
The kobold hits you with a +1 dagger of flaming.
The kobold burns you.
The gnoll hits you from afar with a +0 halberd!
The gnoll hits you from afar with a +0 spear.
2547 ||| READING scroll of teleportation.
As you read the scroll of teleportation, it crumbles to dust.
You feel strangely unstable. The gnoll hits you with a +0 club.
You die...

......... .........
#........ #.# #########
#........ #.# #.......#
#........ #.#### ##.####.#
#........ #....# #.#
##'####K)g.....###....##
#.###......@g.........<..(..
#...........gg########....##
####..........##.......#.%..
#..........##.#####.#.###
#..........##.# #.#.#
#..........##.# #.#.#
#..........##.# #.#.#
#.#'######.##.# #.#%# #.#.#
#.# #.#.###


You could see a gnoll bouda, 3 gnolls and a kobold.

Vanquished Creatures
  A howler monkey (D:4)
  A jelly (D:3)
  2 hounds (D:4)
  5 adders
  A gnoll (D:4)
  A white imp (D:4)
  2 dart slugs
  A worm (D:3)
  11 orcs (D:3)
  4 endoplasms
  4 giant cockroaches
  4 goblins
  8 hobgoblins
  10 jackals
  2 kobolds
  2 quokkas (D:3)
  8 ball pythons
  7 rats
74 creatures vanquished.

Notes
Turn   | Place    | Note
-------+----------+-------------------------------------------
     0 | D:1      | qw the Gargoyle Fighter began the quest for the Orb.
     0 | D:1      | Reached XP level 1. HP: 14/14 MP: 1/1
     0 | D:1      | 0 ||| qw: Version: 0.2-a-29-gd901d54
     0 | D:1      | 0 ||| qw: Game counter: 4009
     0 | D:1      | 0 ||| qw: Always use a shield: true
     0 | D:1      | 0 ||| qw: God list: Okawaru
     0 | D:1      | 0 ||| qw: Allow faded altars: false
     0 | D:1      | 0 ||| qw: Do Orc after D:15 true
     0 | D:1      | 0 ||| qw: Do second Lair branch before Depths: true
     0 | D:1      | 0 ||| qw: Lair rune preference: random
     0 | D:1      | 0 ||| qw: Plans: Normal, Zot:1-4, Slime:5, God:TSO, Crypt,
                  | Tomb, Abyss, Pan, Hells, Win
     0 | D:1      | 0 ||| PLANNING D:1-11
    76 | D:1      | Reached skill level 2 in Axes
    87 | D:1      | 87 ||| Stepping ~*~*~tactically~*~*~ (stealth).
   135 | D:1      | Reached XP level 2. HP: 19/19 MP: 2/2
   546 | D:1      | Reached skill level 3 in Axes
   623 | D:1      | 623 ||| READING 4 scrolls labelled QYUJIE KE IBB.
   624 | D:1      | 624 ||| DRINKING 2 bubbling yellow potions.
   624 | D:1      | Gained mutation: Potions are less effective at restoring
                  | your health. [potion of mutation]
   624 | D:1      | Gained mutation: Potions cannot restore your health.
                  | [potion of mutation]
   624 | D:1      | Gained mutation: A frigid envelope surrounds you and
                  | freezes all who hurt you. [potion of mutation]
   624 | D:1      | Gained mutation: You are somewhat resistant to further
                  | mutation. [potion of mutation]
   625 | D:1      | 625 ||| DRINKING potion of mutation.
   625 | D:1      | Lost mutation: You are somewhat resistant to further
                  | mutation. [potion of mutation]
   625 | D:1      | Lost mutation: Potions cannot restore your health. [potion
                  | of mutation]
   625 | D:1      | Lost mutation: A frigid envelope surrounds you and freezes
                  | all who hurt you. [potion of mutation]
   625 | D:1      | Gained mutation: You are partially covered in large bone
                  | plates. (SH +4) [potion of mutation]
   625 | D:1      | Gained mutation: You sometimes lose your temper in combat.
                  | [potion of mutation]
   625 | D:1      | Gained mutation: You have a pair of small antennae on your
                  | head. [potion of mutation]
   625 | D:1      | Gained mutation: You have hidden genetic potential. [potion
                  | of mutation]
   626 | D:1      | 626 ||| DRINKING 2 sedimented yellow potions.
   705 | D:2      | Found a shimmering blue altar of Sif Muna.
   765 | D:2      | Reached XP level 3. HP: 23/23 MP: 3/3
   859 | D:2      | Identified the +5 short sword of Makhleb's Pride {vamp, rF+
                  | rC+ Will+ Int+2}
   874 | D:2      | Gained mutation: You are partially covered in iridescent
                  | scales. (AC +2) [hidden potential]
   970 | D:2      | Reached XP level 4. HP: 28/28 MP: 4/4
   989 | D:2      | 989 ||| Stepping ~*~*~tactically~*~*~ (stealth).
  1326 | D:2      | 1326 ||| READING 2 scrolls labelled FECLEREESH.
  1327 | D:2      | 1327 ||| READING scroll of enchant weapon.
  1327 | D:2      | 1327 ||| ENCHANTING +1 war axe.
  1328 | D:2      | 1328 ||| READING scroll labelled PARUUP OCHYRU.
  1329 | D:2      | 1329 ||| READING 2 scrolls labelled WAVVAA ZIERE.
  1334 | D:2      | 1334 ||| READING scroll labelled LACIMOZX AXIG.
  1335 | D:2      | 1335 ||| READING 3 scrolls of identify.
  1335 | D:2      | 1335 ||| IDENTIFYING glowing emerald potion
  1336 | D:2      | 1336 ||| READING 2 scrolls of identify.
  1336 | D:2      | 1336 ||| IDENTIFYING lumpy brown potion
  1337 | D:2      | 1337 ||| DROPPING potion of degeneration.
  1429 | D:3      | 1429 ||| Stepping ~*~*~tactically~*~*~ (stealth).
  1444 | D:3      | Reached skill level 4 in Axes
  1528 | D:3      | 1528 ||| Stepping ~*~*~tactically~*~*~ (stealth).
  1529 | D:3      | 1529 ||| Stepping ~*~*~tactically~*~*~ (stealth).
  1538 | D:3      | 1538 ||| Stepping ~*~*~tactically~*~*~ (stealth).
  1544 | D:3      | Gained mutation: Your large and strong wings let you fly.
                  | [hidden potential]
  1544 | D:3      | Lost mutation: You have hidden genetic potential. [hidden
                  | potential expressed]
  1821 | D:3      | 1821 ||| Stepping ~*~*~tactically~*~*~ (stealth).
  1853 | D:3      | Reached XP level 5. HP: 32/32 MP: 5/5
  1858 | D:3      | 1858 ||| Stepping ~*~*~tactically~*~*~ (stealth).
  1936 | D:3      | Reached skill level 5 in Axes
  1963 | D:3      | 1963 ||| DROPPING +0 whip.
  1966 | D:3      | 1966 ||| READING scroll of enchant weapon.
  1966 | D:3      | 1966 ||| ENCHANTING +2 war axe.
  1976 | D:3      | 1976 ||| Stepping ~*~*~tactically~*~*~ (stealth).
  1977 | D:3      | 1977 ||| Stepping ~*~*~tactically~*~*~ (stealth).
  2179 | D:3      | 2179 ||| UPGRADING to +0 chain mail.
  2189 | D:3      | 2189 ||| DROPPING +0 scale mail.
  2190 | D:3      | 2190 ||| UPGRADING to amulet of the acrobat.
  2195 | D:3      | 2195 ||| READING scroll labelled JINOIN KELATEL.
  2196 | D:3      | 2196 ||| READING scroll labelled YROPUKK JENAYXYSA.
  2197 | D:3      | 2197 ||| READING scroll labelled VUWKET KAHA.
  2198 | D:3      | 2198 ||| DRINKING 2 puce potions.
  2259 | D:4      | 2259 ||| Stepping ~*~*~tactically~*~*~ (hiding).
  2426 | D:4      | Reached XP level 6. HP: 38/38 MP: 6/6
  2443 | D:4      | HP: 9/38 [kobold/+1 dagger of flaming (1)]
  2444 | D:4      | 2444 ||| READING 2 scrolls of teleportation.
  2445 | D:4      | 2445 ||| DRINKING 2 potions of heal wounds.
  2546 | D:4      | HP: 9/38 [gnoll/+0 halberd[a gnoll bouda] (8)]
  2547 | D:4      | 2547 ||| READING scroll of teleportation.
  2547 | D:4      | Slain by a gnoll

Levels and vault maps discovered:
D:1:      minmay_arrival_loop, layout_rooms, minmay_misc_feat_plants,
          grunt_decor_cap
D:2:      layout_rooms, basic_altar, kennysheep_big_empty_room
D:3:      layout_loops_cross, dk_noncrumbling_2, kennysheep_generic_room_2
D:4:      layout_basic

Skill      XL: |  1  2  3  4  5 |
---------------+----------------+-----
Axes           | 2 3 4 5 |  5.5
Fighting       | 4 |  4.0
Armour         | |  3.2
Shields        | |  3.2

Action                     |  1- 3 |  4- 6 || total
---------------------------+-------+-------++-------
  Melee: War axe           |    81 |   102 ||   183
    Use: Potion            |     3 |     2 ||     5
         Scroll            |     1 |    13 ||    14
 Armour: Scale mail        |    44 |    26 ||    70
         Chain mail        |       |    24 ||    24
  Dodge: Dodged            |    37 |    34 ||    71
  Block: Buckler           |    37 |    58 ||    95

Table legend:
 A = Non-vault XP
 B = Vault XP
 C = Vault XP percentage of total XP
 D = Non-vault monster count
 E = Vault monster count
 F = Vault count percentage of total count
                 A         B        C        D         E       F
            +---------+---------+-------+---------+---------+-------
      Total |     357 |      44 |  11.0 |      72 |       2 |   2.7
            +---------+---------+-------+---------+---------+-------
        D:1 |      30 |       0 |   0.0 |      17 |       0 |   0.0
        D:2 |      59 |       0 |   0.0 |      18 |       0 |   0.0
        D:3 |     103 |      44 |  29.9 |      29 |       2 |   6.5
        D:4 |     165 |       0 |   0.0 |       8 |       0 |   0.0
            +---------+---------+-------+---------+---------+-------
